 Dungeon Crawl Stone Soup version 0.29.1-13-g9f3cf754e1 (webtiles) character file.

Game seed: 9426665841431356275

46 Exodus22XD the Trooper (level 3, 34/34 HPs)
             Began as a Minotaur Fighter on Feb 4, 2023.
             Was a Follower of Jiyva.
             Quit the game on level 2 of the Dungeon.
             The game lasted 00:00:58 (1043 turns).

Exodus22XD the Trooper (Minotaur Fighter)           Turns: 1043, Time: 00:00:58

Health: 34/34      AC:  7    Str: 22    XL:     3   Next: 46%
Magic:  2/2        EV:  9    Int:  5    God:    Jiyva [*.....]
Gold:   64         SH:  4    Dex:  9    Spells: 2/2 levels left

rFire   . . .      SeeInvis .   a - +0 war axe
rCold   . . .      Faith    .   c - +0 buckler
rNeg    . . .      Spirit   .   b - +0 scale mail
rPois   .          Reflect  .   (helmet restricted)
rElec   .          Harm     .   (no cloak)
rCorr   .          Rampage  .   (no gloves)
Will    .....                   (no boots)
Stlth   ..........              (no amulet)
HPRegen 0.91/turn               (no ring)
MPRegen 0.33/turn               (no ring)

@: no status effects
A: horns 2, retaliatory headbutt
a: Renounce Religion


You were on level 2 of the Dungeon.
You worshipped Jiyva.
Jiyva was aware of your devotion.
You visited 1 branch of the dungeon, and saw 2 of its levels.

You collected 64 gold pieces.

Inventory:

Hand Weapons
 a - a +0 war axe (weapon)
Armour
 b - a +0 scale mail (worn)
 c - a +0 buckler (worn)
Scrolls
 e - a scroll of poison {unknown}
 f - a scroll of vulnerability {unknown}
 i - a scroll of amnesia {unknown}
 k - a scroll of identify {unknown}
 l - a scroll of torment {unknown}
 m - a scroll of magic mapping {unknown}
 n - a scroll of immolation {unknown}
 p - a scroll of enchant weapon {unknown}
Potions
 d - a potion of might
 g - a potion of curing {unknown}
 h - a potion of degeneration {unknown}
 j - 2 potions of berserk rage {unknown}
 o - a potion of lignification {unknown}


   Skills:
 + Level 4.3 Fighting
 + Level 3.0 Axes
 + Level 4.1 Armour
 + Level 4.1 Shields


You had 2 spell levels left.
You didn't know any spells.
Your spell library was empty.

Dungeon Overview and Level Annotations

Branches:
Dungeon (2/15)

Altars:
Jiyva


Innate Abilities, Weirdness & Mutations

You have a pair of horns on your head.
You reflexively headbutt those who attack you in melee.


Message History

n - a scroll labelled BUDURCHU LUMMALEA No target in view!
You now have 64 gold pieces (gained 14).
Found a trident.
No target in view!
An endoplasm comes into view.
The endoplasm quivers.
You see here a +0 trident.
An endoplasm is nearby!
You slash the endoplasm!
You kill the endoplasm!
You see here a +0 trident.
Key pressed, stopping explore.
No target in view!
Key pressed, stopping explore.
No target in view!
Found an escape hatch in the ceiling.
No target in view!
Found a stone staircase leading up.
No target in view!
o - a grey potion No target in view!
No target in view!
No target in view!
p - a scroll labelled PONOPO COBLALO No target in view!
Found a faded altar of an unknown god.
Found a stone staircase leading up.
There is a faded altar of an unknown god here.
You cannot tell which god this altar belongs to.
Convert to them anyway?
Jiyva accepts your prayer! Jiyva welcomes you!
Jiyva begins accelerating your health and magic regeneration.
Okay, then.
Unknown command.
Press < or > to pray at altars.
Unknown command.
Press < or > to pray at altars.
Unknown command.
Press < or > to pray at altars.
Are you sure you want to abandon this character and quit the game? (Confirm with "yes".)

# .. # #.. ## .# #
#... ##. ..# #
...##.. ...# #
#.##..#####.... #
#.##.##.....##
#....#..<.#..#
#....#.......# ####
#......#.@.<.# ...#
#....#.......# ##)#
#.#..#..<.#..# #.#
#.##.##.....##
##.#####.##..#####...
.........##.... ...
.....######.##.. ...
.#.#..... ... .. ###
.#.######


There were no monsters in sight!

Vanquished Creatures
  An adder (D:2)
  2 dart slugs
  2 bats
  2 endoplasms
  A giant cockroach (D:1)
  4 goblins (D:1)
  4 hobgoblins (D:1)
  3 jackals (D:2)
  2 kobolds (D:1)
  A quokka (D:2)
  3 ball pythons (D:1)
  3 frilled lizards (D:1)
  3 rats
31 creatures vanquished.

Notes
Turn   | Place    | Note
-------+----------+-------------------------------------------
     0 | D:1      | Exodus22XD the Minotaur Fighter began the quest for the
                  | Orb.
     0 | D:1      | Reached XP level 1. HP: 19/19 MP: 0/0
   171 | D:1      | Reached XP level 2. HP: 25/27 MP: 1/1
   821 | D:2      | Reached XP level 3. HP: 32/33 MP: 2/2
  1038 | D:2      | Found a faded altar of an unknown god.
  1042 | D:2      | Prayed at the altar of an unknown god.
  1042 | D:2      | Became a worshipper of Jiyva Juovuaph the Shapeless
  1042 | D:2      | Reached * piety under Jiyva
  1043 | D:2      | Quit the game

Illustrated notes

Levels and vault maps discovered:
D:1:      mainiacjoe_arrival_reflecting_pool, layout_basic, serial_glass,
          glass_columns_b, glass_columns_b, due_unseen_surprise, st_stairs_12,
          hangedman_decor_clover_reticule
D:2:      minmay_general_purpose_star, layout_loops_ring,
          nicolae_ecumenical_pavilion, minmay_bisected

Skill      XL: |  1  2  3 |
---------------+----------+-----
Fighting       | 4 |  4.3
Armour         | 4 |  4.1
Shields        | 4 |  4.1
Axes           | 3 |  3.0

Action                   || total
-------------------------++-------
Melee: War axe           ||    62
       Headbutt          ||     9
Armor: Scale mail        ||    24
Dodge: Dodged            ||    30
Block: Buckler           ||    17
